 Dungeon Crawl Stone Soup version 0.28.0 (webtiles) character file.

Game seed: 6539940374549678112

1827 snetch the Cleaver (level 8, -1/106 HPs)
             Began as a Minotaur Berserker on Feb 18, 2022.
             Was a Priest of Trog.
             Slain by an orc warrior (8 damage)
             ... on level 7 of the Dungeon.
             The game lasted 00:19:57 (4647 turns).

snetch the Cleaver (Minotaur Berserker)             Turns: 4647, Time: 00:19:59

Health: -1/106     AC: 13    Str: 24    XL:     8   Next: 86%
Magic:  0/7        EV:  9    Int:  4    God:    Trog [***...]
Gold:   273        SH:  0    Dex: 16    Spells: 7/7 levels left

rFire   . . .      SeeInvis .   a - +0 war axe
rCold   . . .      Faith    .   (no shield)
rNeg    . . .      Spirit   +   K - +0 plate armour
rPois   .          Reflect  .   (helmet restricted)
rElec   .          Harm     .   (no cloak)
rCorr   .          Rampage  .   (no gloves)
Will    .....                   (no boots)
Stlth   ..........              k - amulet of guardian spirit
HPRegen 0.27/turn               z - +6 ring of dexterity
MPRegen 0.10/turn               (no ring)

@: berserking, very quick
A: horns 2, retaliatory headbutt
a: Renounce Religion, Berserk, Trog's Hand


You were on level 7 of the Dungeon.
You worshipped Trog.
Trog was most pleased with you.
You visited 1 branch of the dungeon, and saw 7 of its levels.

You collected 273 gold pieces.

Inventory:

Hand Weapons
 a - a +0 war axe (weapon)
 b - a +0 whip of venom
 c - a +0 trident
 d - a +1 vampiric great sword
 e - a +1 hunting sling of freezing
Missiles
 l - 121 stones
 o - 3 poisoned darts (quivered)
 t - 2 throwing nets
 u - 51 arrows
 E - 18 bolts
 H - 3 boomerangs
Armour
 K - a +0 plate armour (worn)
Jewellery
 k - an amulet of guardian spirit (around neck)
 z - a +6 ring of dexterity (left hand)
Wands
 m - a wand of digging (3)
 F - a wand of paralysis (3)
 I - a wand of charming (9)
Scrolls
 f - 4 scrolls of teleportation {unknown}
 i - 2 scrolls of enchant weapon {unknown}
 q - 2 scrolls of fog {unknown}
 s - 2 scrolls of fear {unknown}
 y - a scroll of silence {unknown}
 B - a scroll of magic mapping {unknown}
 C - 2 scrolls of summoning {unknown}
 D - a scroll of noise {unknown}
 G - 5 scrolls of identify {unknown}
Potions
 g - a potion of lignification {unknown}
 j - a potion of haste {unknown}
 n - 3 potions of curing {unknown}
 p - a potion of invisibility {unknown}
 r - a potion of cancellation {unknown}
 v - a potion of brilliance {unknown}
 w - 3 potions of flight {unknown}
 x - a potion of mutation {unknown}
 A - a potion of berserk rage {unknown}


   Skills:
 + Level 6.6 Fighting
 + Level 9.7 Axes
 + Level 0.2 Throwing
 + Level 8.1 Armour
 + Level 3.8 Dodging
 + Level 1.1 Stealth


You had 7 spell levels left.
You didn't know any spells.
Your spell library was empty.

Dungeon Overview and Level Annotations

Branches:
Dungeon (7/15)
 Temple: D:4-7

Altars:
Cheibriados
Okawaru
Wu Jian

Shops:
D:4 [


Innate Abilities, Weirdness & Mutations

You have a pair of horns on your head.
You reflexively headbutt those who attack you in melee.


Message History

You hit the orc warrior.
The orc warrior hits you with a +0 halberd.
Unknown command.
You hit the orc. You headbutt the orc.
You kill the orc!
Trog accepts your kill.
You hit the orc warrior but do no damage.
The orc warrior looks more healthy.
The orc warrior hits you with a +0 halberd!
Unknown command.
You hit the centaur skeleton. You headbutt the centaur skeleton.
The centaur skeleton is heavily damaged.
You barely miss the orc warrior.
The centaur skeleton hits you but does no damage.
The centaur skeleton kicks you.
The orc warrior hits you with a +0 halberd!
* * * LOW HITPOINT WARNING * * *
You hit the orc warrior. Your headbutt misses the orc warrior.
The orc warrior is almost dead.
You hit the centaur skeleton.
The centaur skeleton hits you but does no damage.
The centaur skeleton closely misses you.
The orc warrior hits you with a +0 halberd!
* * * LOW HITPOINT WARNING * * *
The centaur skeleton hits you but does no damage.
The centaur skeleton barely misses you.
A red film seems to cover your vision as you go berserk!
You feel yourself moving faster!
You feel mighty!
The orc warrior hits you with a +0 halberd.
* * * LOW HITPOINT WARNING * * *
The centaur skeleton closely misses you.
You furiously retaliate!
You headbutt the centaur skeleton.
The centaur skeleton kicks you but does no damage.
You hit the orc warrior but do no damage.
The orc warrior is severely wounded.
You hit the centaur skeleton.
The centaur skeleton hits you but does no damage.
The centaur skeleton kicks you but does no damage.
The orc warrior hits you with a +0 halberd!
You die...

# ( (####
#(....
###(..#
#oZ).# #@#
#<#
#........#
######......
#.#......
....###..
....# # ...
# #$...


You could see an orc warrior and a centaur skeleton.

Vanquished Creatures
  Prince Ribbit (D:5)
  The ghost of snaxamus the Insei, an amateur OpTm (D:3)
  A water moccasin (D:6)
  Duvessa (D:4)
  An orc warrior (D:6)
  A sky beast (D:6)
  A black bear (D:5)
  2 ogres
  A phantom (D:6)
  2 scorpions
  A wyvern zombie (D:6)
  A water moccasin zombie (D:6)
  Dowan (D:4)
  A gnoll shaman (D:4)
  2 jellies
  3 orc priests (D:5)
  A bullfrog skeleton (D:6)
  An iguana (D:6)
  An orc wizard (D:5)
  7 gnolls
  3 adders
  A shadow imp (D:5)
  A white imp (D:5)
  An ufetubus (D:4)
  A worm (D:3)
  19 orcs
  9 endoplasms
  5 giant cockroaches
  17 goblins
  9 hobgoblins
  7 jackals
  4 quokkas
  7 ball pythons
  6 bats
  2 frilled lizards (D:2)
  8 kobolds
  6 rats
137 creatures vanquished.

Vanquished Creatures (others)
  3 plants (D:6)
3 creatures vanquished.

Grand Total: 140 creatures vanquished

Notes
Turn   | Place    | Note
-------+----------+-------------------------------------------
     0 | D:1      | snetch the Minotaur Berserker began the quest for the Orb.
     0 | D:1      | Reached XP level 1. HP: 19/19 MP: 0/0
    58 | D:2      | Noticed a scorpion
    64 | D:2      | Killed a scorpion
    65 | D:2      | Reached skill level 4 in Axes
    65 | D:2      | Reached XP level 2. HP: 23/28 MP: 1/1
    65 | D:2      | Reached XP level 3. HP: 28/34 MP: 2/2
   103 | D:3      | Reached XP level 4. HP: 16/41 MP: 3/3
   871 | D:2      | Reached skill level 5 in Axes
   872 | D:2      | Reached ** piety under Trog
  1139 | D:2      | Found a faded altar of an unknown god.
  1839 | D:4      | Noticed Duvessa
  1839 | D:4      | Noticed Dowan
  1847 | D:4      | Killed Duvessa
  1848 | D:4      | Reached skill level 5 in Fighting
  1848 | D:4      | Reached XP level 5. HP: 42/48 MP: 4/4
  1850 | D:4      | Killed Dowan
  1851 | D:4      | Reached XP level 6. HP: 49/56 MP: 5/5
  2205 | D:4      | Reached skill level 6 in Axes
  2343 | D:3      | Found a faded altar of an unknown god.
  2352 | D:3      | Found an ornate altar of the Wu Jian Council.
  2458 | D:3      | Found a runed translucent gate.
  2459 | D:3      | Noticed snaxamus's ghost (amateur OpTm)
  2460 | D:3      | Found a runed translucent gate.
  2460 | D:3      | Found a runed translucent gate.
  2468 | D:3      | Killed snaxamus's ghost
  2469 | D:3      | Reached skill level 5 in Armour
  2469 | D:3      | Reached XP level 7. HP: 61/61 MP: 6/6
  2733 | D:5      | Entered Level 5 of the Dungeon
  3103 | D:4      | Found a snail-covered altar of Cheibriados.
  3103 | D:4      | Found an iron altar of Okawaru.
  3195 | D:5      | Reached *** piety under Trog
  3199 | D:5      | Reached skill level 7 in Axes
  3390 | D:4      | Found Ugefaow's Armour Boutique.
  3659 | D:5      | Paralysed by an orc for 2 turns
  3670 | D:5      | Reached XP level 8. HP: 28/70 MP: 4/7
  3799 | D:5      | Reached skill level 8 in Axes
  4074 | D:5      | Identified the +0 ring mail "Xaetraz" {rN+}
  4155 | D:5      | Noticed Prince Ribbit
  4160 | D:5      | Killed Prince Ribbit
  4292 | D:6      | Reached skill level 1 in Stealth
  4313 | D:6      | Reached skill level 9 in Axes
  4647 | D:7      | Slain by an orc warrior

Illustrated notes

Levels and vault maps discovered:
D:1:      shiori_arrival_oz, layout_basic
D:2:      layout_loops_ring, hellmonk_ecumenical_altar_slurped_away,
          guppyfry_early_orc_mine
D:3:      layout_basic, nicolae_overflow_ecumenical_swirl,
          ebering_ghost_rock_garden
D:4:      layout_loops_ring, gammafunk_temple_overflow_elements, serial_shops,
          shop, minmay_ogre_servants, uniq_duvessa
D:5:      layout_basic, uniq_prince_ribbit1
D:6:      layout_basic, mainiacjoe_overflow_alcove_2,
          nicolae_hepliaklqana_hazy_memory, tso_altar,
          biasface_ghost_orc_armoury, kennysheep_nub, minmay_chambers_of_fives
D:7:      layout_rooms, nicolae_uskayaw_dance_hall, minmay_temple_entry_mist,
          serial_glass, glass_columns_c, glass_columns_a, uniq_joseph

Skill      XL: |  1  2  3  4  5  6  7  8 |
---------------+-------------------------+-----
Fighting       | 4 5 6 |  6.6
Axes           | 4 5 6 7 9 |  9.7
Armour         | 3 4 5 6 8 |  8.1
Dodging        | 3 |  3.8
Stealth        | 1 |  1.1
Throwing       | |  0.2

Action                   |  1- 3 |  4- 6 |  7- 9 || total
-------------------------+-------+-------+-------++-------
Melee: Hand axe          |    20 |    53 |       ||    73
       Headbutt          |     2 |    12 |    31 ||    45
       War axe           |       |    85 |   130 ||   215
       Punch             |       |     2 |     2 ||     4
Throw: Dart              |       |       |    13 ||    13
Invok: Berserk           |     1 |     4 |     3 ||     8
 Stab: Distracted        |       |       |     1 ||     1
Armor: Animal skin       |     3 |     4 |       ||     7
       Scale mail        |       |    42 |    31 ||    73
       Leather armour    |       |     4 |       ||     4
       Plate armour      |       |       |    12 ||    12
       Ring mail         |       |       |     1 ||     1
Dodge: Dodged            |    11 |    78 |    51 ||   140
